cohdb
Replays
Latest Replays
All Replays
Popular Replays
Top Player Replays
Match Explorer
How It Works
Community
CoH3 Stats
Reddit
Sign in to upload your games and track your stats! →
Sign in with Steam
Match 45845192
Unlisted
Match 45845192
Overview
Messages
Build Orders
End
Kradschützen Motorcycle Team
Panzergrenadier Squad
Selects Italian Infantry
Panzergrenadier Squad
Panzergrenadier Squad
Construct Light Support Kompanie
Fire Support Elements
MG34 Team
Selects Guastatori Squad
Panzerjäger Squad
Selects L6/40 Light Tank Combat Group
Panzerjäger Mechanized Group
Pak 38 Anti-tank Gun Team
Catador de Papel e Latinha
Batata
12azzmatazz
Adult Asthma Is A Choice
0
0
Comments
sign in to comment!
No comments posted yet!